 Dungeon Crawl Stone Soup version 0.27.0-1-g7a089689b8 (webtiles) character file.

Game seed: 5257212351546258778

7135 shadowrider38 the Basher (level 11, -1/150 HPs)
             Began as an Ogre Berserker on Aug 10, 2021.
             Was a High Priest of Trog.
             Slain by a vampire mosquito (9 damage)
             ... on level 10 of the Dungeon.
             The game lasted 00:20:04 (12321 turns).

shadowrider38 the Basher (Ogre Berserker)          Turns: 12321, Time: 00:20:05

Health: -1/150     AC:  6    Str: 26    XL:     11   Next: 10%
Magic:  11/11      EV: 10    Int: 14    God:    Trog [*****.]
Gold:   274        SH:  0    Dex:  8    Spells: 10/10 levels left

rFire    . . .     SeeInvis .   a - +4 giant club (spect)
rCold    . . .     Faith    .   (shield currently unavailable)
rNeg     . . .     Spirit   .   F - +1 robe {Will+}
rPois    .         Reflect  .   b - +2 hat
rElec    .         Harm     .   (no cloak)
rCorr    .         Rampage  .   (gloves unavailable)
Will     ++...                  (boots unavailable)
Stlth    ..........             (no amulet)
HPRegen  0.35/turn              r - +6 ring of intelligence
MPRegen  0.12/turn              (no ring)

@: berserking, very quick
A: large, unfitting armour, tough skin 1
a: Renounce Religion, Berserk, Trog's Hand, Brothers in Arms


You were on level 10 of the Dungeon.
You worshipped Trog.
Trog was extremely pleased with you.
You visited 2 branches of the dungeon, and saw 11 of its levels.
You also visited: Ossuary.

You collected 450 gold pieces.
You spent 176 gold pieces at shops.

Inventory:

Hand Weapons
 a - a +4 spectral giant club (weapon)
 f - a +3 hand axe
Missiles
 c - 2 throwing nets (quivered)
Armour
 b - a +2 hat (worn)
 F - a +1 robe of willpower (worn)
Jewellery
 p - an amulet of faith
 r - a +6 ring of intelligence (left hand)
Wands
 i - a wand of polymorph (4)
 m - a wand of charming (5)
 q - a wand of mindburst (18)
 w - a wand of iceblast (7)
Scrolls
 e - 2 scrolls of holy word {unknown}
 j - 2 scrolls of noise {unknown}
 n - a scroll of summoning {unknown}
 o - 4 scrolls of immolation {unknown}
 u - a scroll of fog {unknown}
 v - 4 scrolls of teleportation {unknown}
 x - a scroll of enchant weapon {unknown}
 y - a scroll of vulnerability {unknown}
 z - a scroll of torment {unknown}
 A - a scroll of blinking {unknown}
 B - a scroll of identify
 E - a scroll of magic mapping
Potions
 d - a potion of flight
 g - 9 potions of curing
 h - 6 potions of haste
 k - a potion of attraction {unknown}
 l - 5 potions of heal wounds
 s - a potion of mutation
 t - a potion of magic {unknown}
 C - a potion of might {unknown}
 D - a potion of brilliance {unknown}
 G - a potion of resistance {unknown}


   Skills:
 - Level 4.0 Fighting
 - Level 9.0(12.5) Axes
 + Level 12.8(13.7) Maces & Flails
 - Level 2.6 Dodging


You had 10 spell levels left.
You didn't know any spells.
Your spell library was empty.

Dungeon Overview and Level Annotations

Branches:
Dungeon (10/15)            Temple (1/1) D:4            Lair (0/6) D:8
Ossuary (visited)
    Orc: D:9-12

Altars:
Ashenzari
Cheibriados
Dithmenos
Elyvilon
Fedhas
Gozag
Hepliaklqana
Kikubaaqudgha
Makhleb
Nemelex Xobeh
Okawaru
Qazlal
Ru
Sif Muna
Trog
Uskayaw
Vehumet
Wu Jian
Xom
Yredelemnul
Zin
The Shining One

Shops:
D:3 *   D:5 (

Annotations:
D:8 1 runed translucent door, JBAR's ghost, novice PaFi


Innate Abilities, Weirdness & Mutations

You are too large for most types of armour.
You have tough skin. (AC +1)


Message History

The vampire mosquito closely misses you.
The vampire mosquito bites you.
* * * LOW HITPOINT WARNING * * *
The vampire mosquito draws strength from your injuries!
The vampire mosquito closely misses you.
The vampire mosquito completely misses you.
You barely miss the vampire mosquito.
The vampire mosquito is severely damaged.
Your spectral +4 spectral giant club completely misses the vampire mosquito.
The vampire mosquito misses you.
The vampire mosquito closely misses you.
The vampire mosquito barely misses you. The vampire mosquito bites you.
* * * LOW HITPOINT WARNING * * *
The vampire mosquito draws strength from your injuries!
The vampire mosquito bites you!
* * * LOW HITPOINT WARNING * * *
The vampire mosquito draws strength from your injuries!
The vampire mosquito closely misses you.
You bludgeon the vampire mosquito!!
You destroy the vampire mosquito!
Trog accepts your kill. The vampire mosquito bites you.
* * * LOW HITPOINT WARNING * * *
The vampire mosquito draws strength from your injuries!
The vampire mosquito bites you!
* * * LOW HITPOINT WARNING * * *
The vampire mosquito draws strength from your injuries!
The vampire mosquito bites you!
* * * LOW HITPOINT WARNING * * *
The vampire mosquito draws strength from your injuries!
Okay, then.
You are too berserk!
You are too berserk!
You are too berserk!
Unknown command.
You closely miss the vampire mosquito.
Your spectral +4 spectral giant club barely misses the vampire mosquito.
The vampire mosquito bites you but does no damage. x2
The vampire mosquito bites you!
You die...

#..#
#...≈≈≈≈≈..#
#..#
#...≈≈♣≈≈..#
#..#
#...≈≈≈≈≈..#
##..#
#♣...≈≈≈...♣
....#
♣♣.......♣
....#
♣♣.....♣♣
....# ♣♣...♣♣
.####
♣♣.....♣♣ ..#
♣♣...§@y.♣♣
.##
♣...≈y(y..♣
##
♣♣..≈≈≈D≈..♣♣
♣...≈≈_≈≈...♣
♣♣..≈≈≈≈≈..♣♣
♣...≈≈≈...♣
♣♣.......♣♣
♣♣.....♣♣
♣♣...♣♣


You could see an acid dragon, 3 vampire mosquitoes and a friendly spectral +4
spectral giant club (summoned).

Vanquished Creatures
  Harold (D:7)
  Erica (D:9)
  Pikel (D:5)
  3 wraiths
  15 yaks
  A steam dragon (D:6)
  A vampire mosquito (D:10)
  A black bear (D:6)
  4 orc warriors
  2 ice beasts (D:8)
  2 centaurs (D:9)
  A phantom (D:7)
  3 bullfrogs
  A kobold brigand (D:6)
  A scorpion (D:4)
  A water moccasin skeleton (D:5)
  3 killer bees (D:6)
  6 wights
  A howler monkey (D:8)
  A centaur zombie (Ossuary)
  2 hounds
  A jelly (D:6)
  A gnoll shaman (D:8)
  2 orc priests
  A bullfrog skeleton (D:6)
  An iron imp (D:3)
  8 orc wizards
  A hound zombie (D:5)
  A howler monkey zombie (D:9)
  10 adders
  8 gnolls
  A howler monkey skeleton (D:5)
  A shadow imp (D:6)
  3 white imps
  2 ufetubi
  An adder zombie (Ossuary)
  3 worms
  3 dart slugs
  31 orcs
  7 endoplasms
  3 giant cockroaches
  4 hobgoblins
  2 jackals (D:1)
  14 kobolds
  2 quokkas
  4 ball pythons
  A ball python skeleton (Ossuary)
  5 bats
  6 frilled lizards
  7 goblins
  A goblin zombie (D:5)
  2 hobgoblin skeletons (Ossuary)
  6 hobgoblin zombies (D:5)
  A kobold skeleton (D:5)
  4 kobold zombies
  2 orc skeletons (Ossuary)
  An orc zombie (Ossuary)
  8 rats
211 creatures vanquished.

Vanquished Creatures (others)
  A fungus (D:1)
  9 plants
10 creatures vanquished.

Grand Total: 221 creatures vanquished

Notes
Turn   | Place    | Note
-------+----------+-------------------------------------------
     0 | D:1      | shadowrider38 the Ogre Berserker began the quest for the
                  | Orb.
     0 | D:1      | Reached XP level 1. HP: 24/24 MP: 1/1
   258 | D:1      | Reached XP level 2. HP: 29/32 MP: 2/2
   644 | D:1      | Reached ** piety under Trog
   657 | D:1      | Reached XP level 3. HP: 28/39 MP: 3/3
   814 | D:1      | Found a faded altar of an unknown god.
  1376 | D:2      | Reached XP level 4. HP: 34/48 MP: 4/4
  1591 | D:2      | Reached skill level 5 in Axes
  1729 | D:2      | HP: 2/48 [poisoned by a kobold]
  2712 | D:2      | HP: 1/48 [orc (7)]
  3095 | D:2      | Reached XP level 5. HP: 54/54 MP: 5/5
  3569 | D:3      | Found Yrunyugi's General Store.
  3597 | D:3      | Found a snail-covered altar of Cheibriados.
  3744 | D:3      | Reached *** piety under Trog
  4112 | D:4      | Found a staircase to the Ecumenical Temple.
  4130 | D:4      | Reached XP level 6. HP: 62/62 MP: 6/6
  4284 | Temple   | Entered the Ecumenical Temple
  4629 | D:4      | Found a sparkling altar of Nemelex Xobeh.
  5249 | D:5      | Entered Level 5 of the Dungeon
  5309 | D:5      | Found a glowing golden altar of the Shining One.
  5310 | D:5      | Noticed Pikel
  5517 | D:5      | Killed Pikel
  5518 | D:5      | Reached XP level 7. HP: 70/70 MP: 7/7
  5654 | D:5      | Identified a scroll of acquirement
  5717 | D:5      | Found a glowing silver altar of Zin.
  5739 | D:5      | Acquired a +4 spectral giant club
  5812 | D:5      | Reached skill level 1 in Maces & Flails
  5879 | D:5      | Found an opulent altar of Gozag.
  5944 | D:5      | Found Zough's Antique Weapon Shop.
  5959 | D:5      | Reached XP level 8. HP: 66/78 MP: 8/8
  5968 | D:5      | Reached skill level 2 in Maces & Flails
  6494 | D:3      | Bought a +2 hat for 176 gold pieces
  6646 | D:6      | Reached skill level 3 in Maces & Flails
  6790 | D:6      | Reached skill level 4 in Maces & Flails
  6947 | D:6      | Found a shimmering blue altar of Sif Muna.
  7419 | D:6      | Reached **** piety under Trog
  7506 | D:6      | Reached skill level 5 in Maces & Flails
  8194 | D:6      | Reached skill level 6 in Maces & Flails
  8369 | D:7      | Reached XP level 9. HP: 53/84 MP: 9/9
  8755 | D:7      | Noticed Harold
  8768 | D:7      | Killed Harold
  8769 | D:7      | Reached skill level 8 in Maces & Flails
  9366 | D:8      | Reached skill level 9 in Maces & Flails
  9492 | D:8      | Found a staircase to the Lair.
  9505 | D:8      | Found a sand-covered staircase.
  9511 | Ossuary  | Entered an ossuary
  9888 | D:8      | Reached XP level 10. HP: 75/92 MP: 10/10
 10106 | D:8      | Reached skill level 10 in Maces & Flails
 10107 | D:8      | Found a radiant altar of Vehumet.
 10108 | D:8      | Found an ancient bone altar of Kikubaaqudgha.
 10158 | D:8      | Found an iron altar of Okawaru.
 10686 | D:8      | Found a runed translucent door.
 10694 | D:8      | Identified the +5 spear of Jeass {vorpal, Contam Drain
                  | Dex+8 SInv}
 10696 | D:8      | Noticed JBAR's ghost (novice PaFi)
 10787 | D:9      | Noticed Erica
 10882 | D:9      | Killed Erica
 10883 | D:9      | Reached skill level 11 in Maces & Flails
 11343 | D:9      | Reached skill level 12 in Maces & Flails
 11866 | D:9      | Found a bloodstained altar of Trog.
 11879 | D:9      | Reached ***** piety under Trog
 12083 | D:10     | Entered Level 10 of the Dungeon
 12092 | D:9      | Reached XP level 11. HP: 100/100 MP: 11/11
 12291 | D:10     | Found a white marble altar of Elyvilon.
 12321 | D:10     | Slain by a vampire mosquito

Illustrated notes

Levels and vault maps discovered:
D:1:      roderic_octagonal_star, layout_loops_ring,
          shapermc_ecumenical_altar_acropolis
D:2:      layout_basic
D:3:      layout_loops_cross, slow_altar_2, serial_shops, shop
D:4:      layout_gridville, mainiacjoe_overflow_concentric_impassable,
          minmay_temple_entry_metal_lava
D:5:      layout_cave_pools, nicolae_overflow_crystal_walls,
          nicolae_tso_besieged_by_evil, mainiacjoe_overflow_surrounded_room,
          serial_shops, shop, uniq_pikel
D:6:      layout_gridville, nicolae_sif_muna_little_library,
          supply_closet_lemuel
D:7:      layout_cave_pools, uniq_harold
D:8:      layout_loops_ring, overflow_temple_1_default, jmf_multi_god_temple,
          lair_entry_dummy, ebering_ghost_funeral_grove,
          lightli_ossuary_entry_decrepit_ruins
D:9:      layout_rooms, lemuel_coloured_pillars_altar, uniq_erica
D:10:     layout_long_grid, elyvilon_altar_3, nrook_loot_triangle
Temple:   minmay_temple_curvy_loop

Skill      XL: |  1  2  3  4  5  6  7  8  9 10 |
---------------+-------------------------------+-----
Axes           | 4 5 6 9 |  9.0
Maces & Flails | 1 6 9 12 | 12.8
Fighting       | |  4.0
Dodging        | |  2.6

Action                   |  1- 3 |  4- 6 |  7- 9 | 10-12 || total
-------------------------+-------+-------+-------+-------++-------
Melee: Hand axe          |    95 |   189 |     9 |       ||   293
       Giant club        |       |       |   108 |    81 ||   189
Invok: Berserk           |     3 |     8 |     5 |     2 ||    18
       Trog's Hand       |       |     2 |       |       ||     2
  Use: Scroll            |       |       |     9 |       ||     9
 Stab: Distracted        |       |       |     1 |     1 ||     2
Armor: Animal skin       |    34 |    39 |     4 |       ||    77
       Robe              |       |       |    24 |    26 ||    50
Dodge: Dodged            |    49 |    90 |    70 |    55 ||   264
